 Dungeon Crawl Stone Soup version bcrawl-1.23.1-30-gcf7fa35852 (webtiles) character file.

Game seed: 1369980560509687328

60 diana the Twirler (level 3, -3/28 HPs)
             Began as a Demonspawn Gladiator on May 29, 2020.
             Slain by an orc
             ... wielding a +0 mace
              (6 damage)
             ... on level 3 of the Dungeon.
             The game lasted 00:02:14 (1941 turns).

diana the Twirler (Demonspawn Gladiator)            Turns: 1941, Time: 00:02:14

Health: -3/28      AC: 10    Str: 15    XL:     3   Next: 82%
Magic:  3/3        EV:  7    Int:  9    God:
Gold:   114        SH:  0    Dex: 14    Spells: 2/2 levels left

rFire    . . .     SeeInvis .   a - +0 quarterstaff
rCold    + . .     Gourm    .   (shield currently unavailable)
rNeg     . . .     Faith    .   o - +0 chain mail
rPois    +         Spirit   .   c - +0 helmet
rElec    .         Reflect  .   (no cloak)
rCorr    .         Harm     .   (no gloves)
MR       .....                  u - +0 pair of boots
Stlth    ..........             p - amulet of regeneration
HPRegen  0.18/turn              l - ring of poison resistance
MPRegen  0.08/turn              q - ring of protection from cold

@: drained
A: powered by death 1
a: no special abilities


You were on level 3 of the Dungeon.
You were not hungry.

You visited 1 branch of the dungeon, and saw 3 of its levels.

You collected 114 gold pieces.

Inventory:

Hand Weapons
 a - a +0 quarterstaff (weapon)
Missiles
 d - 3 throwing nets (quivered) {!f}
Armour
 b - a +0 leather armour
 c - a +0 helmet (worn)
 o - a +0 chain mail (worn)
 u - a +0 pair of boots (worn)
Jewellery
 l - a ring of poison resistance (left hand)
 p - an amulet of regeneration (around neck)
 q - a ring of protection from cold (right hand)
Wands
 r - a wand of digging (9)
Scrolls
 f - a scroll of magic mapping {unknown}
 g - a scroll of teleportation {unknown}
 h - 2 scrolls of enchant armour {unknown}
 i - a scroll of fog {unknown}
 j - 3 scrolls of identify {unknown}
Potions
 k - a potion of curing {unknown}
 m - 2 potions of degeneration {unknown}
 n - 2 potions of might {unknown}
 s - a potion of cancellation {unknown}
Comestibles
 e - 3 rations {!d}


   Skills:
 + Level 2.8(2.2) Fighting
 * Level 3.9(3.2) Staves
 - Level 1.7(1.1) Throwing
 - Level 2.6(2.0) Dodging


You had 2 spell levels left.
You didn't know any spells.
Your spell library was empty.

Dungeon Overview and Level Annotations

Branches:
Dungeon (3/12)

Altars:


Innate Abilities, Weirdness & Mutations

You regenerate a little health from kills.


Message History

You are too injured to fight recklessly!
You are too injured to fight recklessly!
You are too injured to fight recklessly!
You are too injured to fight recklessly!
You hit the orc.
You kill the orc!
The orc barely misses you. The orc hits you with a +0 mace.
You hit the orc but do no damage. The orc hits you with a +0 flail.
* * * LOW HITPOINT WARNING * * *
The orc barely misses you.
You hit the orc.
The orc is lightly wounded.
The orc closely misses you. The orc hits you but does no damage.
You hit the orc.
You kill the orc!
The orc hits you with a +0 mace.
* * * LOW HITPOINT WARNING * * *
Your chain mail prevents you from hitting the orc.
The orc hits you with a +0 mace.
You die...

#......# #.....$# ..
#......# ... #......#
.... #......#
....######......####.
#.....<#............
##....).^.....#####.
#..(@...##.....#
#..)[o..##.....#
#..)....##.....#
#.......##.....#
#.......##.......
#.......###....##
#.......# ....#
#.......# #.......#


You could see an orc.

Vanquished Creatures
  An adder (D:2)
  A leopard gecko (D:2)
  4 orcs (D:3)
  3 bats
  4 giant cockroaches
  A goblin (D:1)
  7 hobgoblins
  3 jackals (D:3)
  9 kobolds
  A quokka (D:2)
  4 frilled lizards
  4 rats (D:1)
42 creatures vanquished.

Notes
Turn   | Place    | Note
-------+----------+-------------------------------------------
     0 | D:1      | diana the Demonspawn Gladiator began the quest for the Orb.
     0 | D:1      | Reached XP level 1. HP: 16/16 MP: 1/1
   182 | D:1      | Reached skill level 3 in Staves
   281 | D:1      | Gained mutation: You regenerate a little health from kills.
                  | [demonic ancestry]
   281 | D:1      | Reached XP level 2. HP: 22/22 MP: 2/2
  1033 | D:2      | Reached XP level 3. HP: 28/28 MP: 3/3
  1941 | D:3      | Slain by an orc

Skill      XL: |  1 |
---------------+----+-----
Staves         | 3 |  3.9
Fighting       | |  2.8
Throwing       | |  1.7
Dodging        | |  2.6

Action                   || total
-------------------------++-------
Melee: Quarterstaff      ||   137
 Stab: Sleeping          ||     1
  Eat: Chunk             ||     3
Armor: Leather armour    ||    26
       Chain mail        ||    66
Dodge: Dodged            ||    92
